 Dungeon Crawl Stone Soup version 0.25-a0-200-g5ba96148f3 (console) character file.

Game seed: 3039940457516443646, levelgen mode: deterministic

308 Kagalorn the Caller (level 6, -3/46 HPs)
             Began as a Human Summoner on Dec 2, 2019.
             Slain by a river rat (5 damage)
             ... in a sewer.
             The game lasted 00:13:20 (4251 turns).

Kagalorn the Caller (Human Summoner)                Turns: 4251, Time: 00:13:21

Health: -3/46      AC:  2    Str:  9    XL:     6   Next: 68%
Magic:  9/11       EV: 12    Int: 17    God:
Gold:   147        SH:  0    Dex: 13    Spells: 4/12 levels left

rFire    . . .     SeeInvis .   z - +2 whip (venom)
rCold    . . .     Gourm    .   (no shield)
rNeg     . . .     Faith    .   a - +0 robe
rPois    .         Spirit   .   (no helmet)
rElec    .         Reflect  .   m - scarf {cloud immunity}
rCorr    .         Harm     .   (no gloves)
MR       .....                  (no boots)
Stlth    +.........             (no amulet)
HPRegen  0.15/turn              (no ring)
MPRegen  0.12/turn              (no ring)

@: very slow
A: no striking features
a: no special abilities


You were in a sewer.
You were not hungry.

You visited 1 branch of the dungeon, and saw 5 of its levels.
You also visited: Sewer.

You collected 147 gold pieces.

Inventory:

Hand Weapons
 y - a +0 hunting sling
 z - a +2 whip of venom (weapon)
Missiles
 b - 143 stones (quivered)
 f - 11 poisoned darts
 t - 72 arrows
 v - 7 sling bullets
Armour
 a - a +0 robe (worn)
 m - a scarf of cloud immunity (worn)
Jewellery
 r - a cursed ring of teleportation {unknown}
Scrolls
 d - 3 scrolls of blinking {unknown}
 e - 2 scrolls of fog {unknown}
 h - a scroll of enchant weapon {unknown}
 j - 2 scrolls of remove curse {unknown}
 k - a scroll of noise {unknown}
 l - 3 scrolls of enchant armour {unknown}
 q - a scroll of fear {unknown}
 u - 4 scrolls of teleportation {unknown}
 x - 6 scrolls of identify {unknown}
Potions
 g - 2 potions of haste {unknown}
 i - a potion of heal wounds {unknown}
 n - a potion of curing {unknown}
 o - 2 potions of might {unknown}
 p - a potion of berserk rage {unknown}
 s - a potion of degeneration {unknown}
 w - a potion of cancellation {unknown}
Comestibles
 c - 9 rations
 A - a chunk of flesh


   Skills:
 * Level 2.5 Fighting
 - Level 2.0 Dodging
 - Level 2.0 Stealth
 * Level 3.8 Spellcasting
 * Level 5.6 Summonings
 * Level 1.2 Air Magic


You had 4 spell levels left.
You knew the following spells:

 Your Spells              Type           Power        Failure   Level  Hunger
a - Call Canine Familiar  Summ           ###.....     4%          3    ###....
b - Summon Small Mammal   Summ           ###.         1%          1    None
c - Summon Lightning Spi  Summ/Air       ##......     36%         4    ####...

Your spell library contained the following spells:

 Spells                   Type           Power        Failure   Level  Hunger
 Call Imp                 Summ           ###.....     2%          2    ##.....
 Summon Guardian Golem    Hex/Summ       ##......     16%         3    ###....
 Summon Ice Beast         Ice/Summ       ##......     45%         4    ####...


Dungeon Overview and Level Annotations

Branches:
Dungeon (6/15)              Sewer (1/1)
 Temple: D:4-7

Altars:
Fedhas
Trog
Vehumet
Wu Jian
Xom
Zin

Shops:
D:6 *

Annotations:
D:6 3 runed translucent doors, mora's ghost, novice HOFi


Message History

You closely miss the river rat.
Your hound splashes around in the water.
The rat splashes around in the water.
The river rat barely misses you. The river rat bites you.
* * * LOW HITPOINT WARNING * * *
Your hound splashes around in the water.
You enter the shallow water.
Moving in this stuff is going to be slow.
Your hound barely misses the river rat.
The rat splashes around in the water.
The river rat bites you.
* * * LOW HITPOINT WARNING * * *
The river rat barely misses you.
Your hound splashes around in the water.
You kill the river rat!
Your hound bites the rat.
The rat dies!
The river rat bites you!
* * * LOW HITPOINT WARNING * * *
Your hound barely misses the river rat.
The river rat bites you.
You die...

###.........####
...............##
......###.......#
.....##
##......## ...÷##
##......# ≈≈≈.#
##≈≈≈≈## ≈≈≈≈#
#≈≈≈≈≈≈# ≈≈≈≈#
#≈≈≈≈≈≈# ≈≈†≈#
#≈≈≈≈#@# ≈≈≈≈#
#≈≈≈≈≈r# ≈†≈≈#
#≈≈≈≈h≈# #≈.≈#
#≈≈≈≈≈†# ≈#≈≈#
#≈≈≈#≈.# ≈≈≈≈#
#≈≈≈≈≈r# ≈#≈≈#
#≈≈≈≈≈≈# ≈≈≈≈#
#≈≈≈≈≈≈# ≈≈≈≈#
#≈≈≈≈≈≈#


You could see a river rat, a rat and a friendly hound.

Vanquished Creatures
  A hound (D:4)
  A centaur skeleton (D:4)
  2 gnolls (D:3)
  5 river rats
  An adder (D:3)
  A worm (D:3)
  2 dart slugs
  3 leopard geckos
  2 orcs (D:4)
  2 ball pythons
  2 giant cockroaches
  7 hobgoblins
  5 jackals
  A quokka (D:2)
  6 bats
  4 frilled lizards
  4 goblins
  4 kobolds
  4 rats
57 creatures vanquished.

Vanquished Creatures (collateral kills)
  A scorpion (D:6)
  Terence (D:2)
  6 gnolls (D:3)
  An adder (Sewer)
  2 river rats (Sewer)
  A shadow imp (D:6)
  An adder skeleton (D:4)
  2 worms
  3 dart slugs
  A leopard gecko (D:4)
  6 orcs (D:4)
  A giant cockroach (D:1)
  A goblin (D:1)
  2 hobgoblins (D:1)
  6 jackals
  2 kobolds
  2 quokkas (D:6)
  A ball python (D:6)
  A bat (D:2)
  A frilled lizard (D:1)
  7 rats
49 creatures vanquished.

Grand Total: 106 creatures vanquished

Notes
Turn   | Place    | Note
-------+----------+-------------------------------------------
     0 | D:1      | Kagalorn the Human Summoner began the quest for the Orb.
     0 | D:1      | Reached XP level 1. HP: 13/13 MP: 3/3
   355 | D:1      | Reached XP level 2. HP: 7/19 MP: 3/5
   787 | D:1      | Reached XP level 3. HP: 8/25 MP: 6/6
   943 | D:2      | Learned a level 3 spell: Call Canine Familiar
  1112 | D:2      | Found an ornate altar of the Wu Jian Council.
  1757 | D:2      | Noticed Terence
  1794 | D:2      | Killed Terence
  1794 | D:2      | Reached skill level 1 in Fighting
  1794 | D:2      | Reached XP level 4. HP: 9/32 MP: 4/7
  2407 | D:3      | Reached skill level 5 in Summonings
  2600 | D:3      | Learned a level 4 spell: Summon Lightning Spire
  2675 | D:3      | Reached XP level 5. HP: 13/37 MP: 6/9
  3371 | D:3      | Found a bloodstained altar of Trog.
  3378 | D:3      | Found a radiant altar of Vehumet.
  3386 | D:3      | Found a glowing silver altar of Zin.
  3386 | D:3      | Found a blossoming altar of Fedhas.
  3387 | D:3      | Found a shimmering altar of Xom.
  3656 | D:4      | Reached XP level 6. HP: 15/44 MP: 6/11
  3683 | D:4      | You fall into a shaft and drop 2 floors!
  3692 | D:6      | Found Remilost's Assorted Antiques.
  3741 | D:6      | Found a runed translucent gate.
  3742 | D:6      | Found a runed translucent gate.
  3743 | D:6      | Found a runed translucent gate.
  3745 | D:6      | Noticed mora's ghost (novice HOFi)
  3777 | D:6      | Found a glowing drain.
  3793 | D:6      | Reached skill level 1 in Air Magic
  4049 | Sewer    | Entered a sewer
  4250 | Sewer    | HP: 2/46 [river rat (7)]
  4251 | Sewer    | Slain by a river rat

Levels and vault maps discovered:
D:1:      minmay_arrival_shattered_statue, layout_loops_cross
D:2:      layout_basic, lemuel_doored_altar, uniq_terence
D:3:      layout_basic, minitemple, first_ration, mrwooster_statue_mirror
D:4:      layout_basic, minmay_temple_entry_offerings, minmay_misc_feat_pillars,
          minmay_manual_mail
D:6:      layout_gridville, serial_shops, shop, gammafunk_ghost_necromancy,
          portal_sewer_entry_a, nicolae_tso_besieged_by_evil
Sewer:    sewer_minmay_w

Skill      XL: |  1  2  3  4  5  6 |
---------------+-------------------+-----
Fighting       | 1 2 |  2.5
Summonings     | 5 |  5.6
Spellcasting   | 3 |  3.8
Air Magic      | 1 |  1.2
Dodging        | |  2.0
Stealth        | |  2.0

Action                   |  1- 3 |  4- 6 || total
-------------------------+-------+-------++-------
Melee: Unarmed           |    16 |       ||    16
       Short sword       |   138 |    56 ||   194
       Whip              |       |    96 ||    96
 Cast: Summon Small Mamm |    20 |     1 ||    21
       Call Canine Famil |     2 |    18 ||    20
 Stab: Sleeping          |     2 |     6 ||     8
       Distracted        |     1 |     1 ||     2
  Eat: Chunk             |     3 |     7 ||    10
       Ration            |       |     1 ||     1
Armor: Robe              |    25 |    13 ||    38
Dodge: Dodged            |   106 |   110 ||   216

Table legend:
 A = Non-vault XP
 B = Vault XP
 C = Vault XP percentage of total XP
 D = Non-vault monster count
 E = Vault monster count
 F = Vault count percentage of total count
                 A         B        C        D         E       F
            +---------+---------+-------+---------+---------+-------
      Total |     296 |     144 |  32.7 |      88 |      18 |  17.0
            +---------+---------+-------+---------+---------+-------
        D:1 |      31 |       0 |   0.0 |      24 |       0 |   0.0
        D:2 |      38 |      18 |  32.1 |      20 |       1 |   4.8
        D:3 |     118 |       0 |   0.0 |      25 |       0 |   0.0
        D:4 |      60 |      27 |  31.0 |      14 |       1 |   6.7
        D:6 |      49 |      18 |  26.9 |       5 |       6 |  54.5
      Sewer |       0 |      81 | 100.0 |       0 |      10 | 100.0
            +---------+---------+-------+---------+---------+-------
